 Dungeon Crawl Stone Soup version 0.30-a0-166-g5d06c95188 (webtiles) character file.

Game seed: 3142361237291272242

315 qw the Chopper (level 6, -1/38 HPs)
             Began as a Gargoyle Fighter on Sept 28, 2022.
             Slain by an orc warrior
             ... wielding a +0 scimitar
              (3 damage)
             ... on level 4 of the Dungeon.
             The game lasted 00:01:12 (3384 turns).

qw the Chopper (Gargoyle Fighter)                   Turns: 3384, Time: 00:01:13

Health: -1/38      AC: 17    Str: 22    XL:     6   Next: 44%
Magic:  6/6        EV:  7    Int:  8    God:
Gold:   218        SH:  4    Dex:  9    Spells: 5/5 levels left

rFire   . . .      SeeInvis .    Y - +1 war axe
rCold   + . .      Faith    .    c - +0 buckler
rNeg    + + .      Spirit   .    r - +4 chain mail {rC+}
rPois   inf        Reflect  .    (no helmet)
rElec   +          Harm     .    (no cloak)
rCorr   .          Rampage  .    (no gloves)
Will    .....                    (no boots)
Stlth   ..........               (no amulet)
HPRegen 0.12/turn                k - ring of positive energy
MPRegen 0.10/turn                (no ring)

@: no status effects
A: sickness immunity, AC +4, negative energy resistance 1, electricity
resistance, torment resistance 1, petrification resistance
a: no special abilities


You were on level 4 of the Dungeon.
You visited 1 branch of the dungeon, and saw 4 of its levels.

You collected 218 gold pieces.


Innate Abilities, Weirdness & Mutations

You are immune to sickness and miasma.
Your stone body is resilient. (AC +4)
You are immune to poison.
You resist negative energy. (rN+)
You are resistant to electric shocks. (rElec)
You are resistant to unholy torment.
You are immune to petrification.


   Skills:
 - Level 4.2 Fighting
 + Level 5.4 Axes
 - Level 1.0 Throwing
 - Level 3.2 Armour
 - Level 3.2 Shields


You had 5 spell levels left.
You didn't know any spells.
Your spell library was empty.

Inventory:

Hand Weapons
 m - a +0 flail
 Y - a +1 war axe (weapon)
Missiles
 n - a boomerang (quivered)
Armour
 c - a +0 buckler (worn)
 r - a +4 chain mail of cold resistance (worn)
Jewellery
 k - a ring of positive energy (left hand)
Scrolls
 e - 2 scrolls of enchant armour
 l - a scroll of identify
Potions
 a - a potion of lignification
 d - a potion of might
 g - a potion of resistance {unknown}
 i - a potion of invisibility {unknown}
 j - a potion of heal wounds {unknown}
 p - a potion of haste
 q - a potion of attraction {unknown}

Dungeon Overview and Level Annotations

Branches:
Dungeon (4/15)
 Temple: D:4-7

Altars:

Shops:
D:1 *


Message History

The orc priest invokes the aid of Beogh against you.
Beogh smites you!
You hit the orc warrior.
The orc warrior is moderately wounded.
The orc warrior hits you with a +0 scimitar!
You barely miss the orc warrior.
The orc warrior is moderately wounded.
The orc warrior closely misses you. The orc hits you with a +0 whip.
An orc comes into view. It is wielding a +0 short sword.
You barely miss the orc warrior.
The orc warrior is moderately wounded.
You hit the orc. The orc warrior barely misses you.
You slash the orc!
You kill the orc!
You closely miss the orc warrior. The orc warrior completely misses you.
You slash the orc warrior!
The orc warrior is severely wounded.
You slash the orc! You block the orc warrior's attack.
You closely miss the orc.
The orc is almost dead.
You barely miss the orc warrior. You hit the orc priest.
The orc hits you but does no damage. The orc warrior barely misses you.
The orc priest barely misses you. The orc hits you but does no damage.
The orc priest hits you but does no damage.
The orc warrior hits you but does no damage.
You closely miss the orc.
The orc is almost dead.
You hit the orc warrior but do no damage.
You barely miss the orc priest. You block the orc priest's attack.
The orc barely misses you.
The orc warrior hits you with a +0 scimitar.
You hit the orc.
You kill the orc!
You barely miss the orc priest. You hit the orc warrior.
The orc priest hits you but does no damage.
The orc warrior hits you with a +0 scimitar.
You die...

##########
#####........ #
#...#......##.#####
#...#.....)@o......
#...#.....#o#######
#...#.....#.o#
#####'##)?...##...
#..#.......#..##...
#..'..........#
#...#
#..#..........#
.8.o
#..#.......#..# ...
#..#...>...#..#


You could see an orc warrior, an orc priest and an orc.

Vanquished Creatures
  2 orc priests (D:3)
  Terence (D:3)
  Natasha (thrice) (D:3)
  An orc wizard (D:4)
  3 adders
  2 worms (D:3)
  11 orcs
  11 endoplasms
  7 giant cockroaches
  7 goblins
  10 hobgoblins
  4 quokkas
  10 ball pythons
  6 bats
  5 frilled lizards
  5 kobolds
  7 rats
95 creatures vanquished.

Vanquished Creatures (others)
  7 toadstools (D:1)
7 creatures vanquished.

Grand Total: 102 creatures vanquished

Notes
Turn   | Place    | Note
-------+----------+-------------------------------------------
     0 | D:1      | qw the Gargoyle Fighter began the quest for the Orb.
     0 | D:1      | Reached XP level 1. HP: 14/14 MP: 1/1
     0 | D:1      | 0 ||| qw: Version: 0.2-a-12-gaebbb33
     0 | D:1      | 0 ||| qw: Game counter: 983
     0 | D:1      | 0 ||| qw: Always use a shield: true
     0 | D:1      | 0 ||| qw: God list: Okawaru
     0 | D:1      | 0 ||| qw: Allow faded altars: false
     0 | D:1      | 0 ||| qw: Do Orc after D:15 true
     0 | D:1      | 0 ||| qw: Do second Lair branch before Depths: true
     0 | D:1      | 0 ||| qw: Lair rune preference: random
     0 | D:1      | 0 ||| qw: Plans: Normal, Zot:1-4, God:TSO, Crypt, Tomb,
                  | Pan, Slime:5, Hells, Abyss, Orb
     0 | D:1      | 0 ||| PLANNING D:1-11
    93 | D:1      | Reached skill level 2 in Axes
   271 | D:1      | Reached XP level 2. HP: 19/19 MP: 2/2
   491 | D:1      | Found Wippiusch's General Store.
   497 | D:1      | 497 ||| SHOPLISTING scroll of identify (20 gold, have 19).
   639 | D:1      | Reached skill level 3 in Axes
   674 | D:1      | Reached XP level 3. HP: 23/23 MP: 3/3
   677 | D:1      | 677 ||| Stepping ~*~*~tactically~*~*~ (stealth).
   678 | D:1      | 678 ||| Stepping ~*~*~tactically~*~*~ (stealth).
   690 | D:1      | 690 ||| Stepping ~*~*~tactically~*~*~ (stealth).
   698 | D:1      | 698 ||| Stepping ~*~*~tactically~*~*~ (stealth).
   783 | D:1      | Reached skill level 1 in Throwing
  1037 | D:1      | 1037 ||| UPGRADING to ring of positive energy.
  1038 | D:1      | 1038 ||| READING scroll labelled BUYSMU IDEG.
  1039 | D:1      | 1039 ||| READING 2 scrolls labelled JOBRA EGUUCS.
  1040 | D:1      | 1040 ||| READING 2 scrolls labelled NEFATO ZUEN.
  1041 | D:1      | 1041 ||| READING scroll labelled BISTRE ZURGHIXAMM.
  1045 | D:1      | 1045 ||| READING scroll labelled CAPTEC ROROVI.
  1046 | D:1      | 1046 ||| DROPPING scroll of blinking.
  1072 | D:2      | 1072 ||| STAIRDANCE
  1155 | D:2      | 1155 ||| STAIRDANCE
  1267 | D:2      | 1267 ||| Stepping ~*~*~tactically~*~*~ (stealth).
  1373 | D:2      | Reached XP level 4. HP: 28/28 MP: 4/4
  1425 | D:2      | 1425 ||| DROPPING +0 club.
  1444 | D:2      | Found a faded altar of an unknown god.
  1568 | D:2      | 1568 ||| Stepping ~*~*~tactically~*~*~ (stealth).
  1569 | D:2      | 1569 ||| Stepping ~*~*~tactically~*~*~ (stealth).
  1594 | D:2      | 1594 ||| Stepping ~*~*~tactically~*~*~ (stealth).
  1769 | D:2      | 1769 ||| UPGRADING to +0 chain mail.
  1779 | D:2      | 1779 ||| DROPPING +0 scale mail.
  1780 | D:2      | 1780 ||| READING scroll labelled WIOM DECISHE.
  1781 | D:2      | 1781 ||| READING scroll labelled KEYR SIKIOG.
  1782 | D:2      | 1782 ||| DRINKING 2 white potions.
  1783 | D:2      | 1783 ||| READING 2 scrolls of identify.
  1783 | D:2      | 1783 ||| IDENTIFYING bubbling sapphire potion
  1855 | D:3      | Noticed Natasha
  1856 | D:3      | 1856 ||| Stepping ~*~*~tactically~*~*~ (hiding).
  1861 | D:3      | Killed Natasha
  1862 | D:3      | Reached skill level 4 in Axes
  2016 | D:3      | Noticed Natasha
  2017 | D:3      | 2017 ||| Stepping ~*~*~tactically~*~*~ (stealth).
  2018 | D:3      | 2018 ||| Stepping ~*~*~tactically~*~*~ (stealth).
  2035 | D:3      | Killed Natasha
  2036 | D:3      | Reached XP level 5. HP: 32/32 MP: 5/5
  2542 | D:3      | Noticed Natasha
  2543 | D:3      | 2543 ||| Stepping ~*~*~tactically~*~*~ (hiding).
  2553 | D:3      | Killed Natasha
  2640 | D:3      | Reached skill level 5 in Axes
  2709 | D:3      | Reached XP level 6. HP: 13/38 MP: 6/6
  3031 | D:3      | Noticed Terence
  3044 | D:3      | Killed Terence
  3153 | D:3      | 3153 ||| Stepping ~*~*~tactically~*~*~ (stealth).
  3292 | D:3      | 3292 ||| UPGRADING to +4 chain mail of cold resistance.
  3302 | D:3      | 3302 ||| DROPPING +0 chain mail.
  3303 | D:3      | 3303 ||| READING 2 scrolls labelled UHEHOCSUDONG.
  3304 | D:3      | 3304 ||| DRINKING 2 green potions.
  3305 | D:3      | 3305 ||| DROPPING scroll of poison.
  3306 | D:3      | 3306 ||| DROPPING potion of brilliance.
  3351 | D:4      | Noticed an orc warrior
  3351 | D:4      | 3351 ||| Stepping ~*~*~tactically~*~*~ (hiding).
  3362 | D:4      | 3362 ||| DRINKING potion of curing.
  3362 | D:4      | 3362 ||| (to cure confusion)
  3373 | D:4      | 3373 ||| Stepping ~*~*~tactically~*~*~ (hiding).
  3377 | D:4      | HP: 6/38 [orc warrior/+0 scimitar (7)]
  3383 | D:4      | HP: 2/38 [orc warrior/+0 scimitar (4)]
  3384 | D:4      | Slain by an orc warrior

Levels and vault maps discovered:
D:1:      nagdon_arrival_double_spiral, layout_rooms, serial_shops,
          nicolae_square_shop, minmay_octomino_e4
D:2:      layout_rooms, hellmonk_ecumenical_altar_defaced_shrine,
          minmay_small_reverse_x
D:3:      layout_basic, uniq_terence, uniq_natasha, uniq_crazy_yiuf_cottage
D:4:      layout_gridville, guppyfry_early_orc_mine, uniq_robin, uniq_pikel

Skill      XL: |  1  2  3  4  5 |
---------------+----------------+-----
Axes           | 2 3 4 5 |  5.4
Throwing       | 1 |  1.0
Fighting       | 4 |  4.2
Armour         | |  3.2
Shields        | |  3.2

Action                   |  1- 3 |  4- 6 || total
-------------------------+-------+-------++-------
Melee: War axe           |   105 |   131 ||   236
Throw: Javelin           |    24 |    19 ||    43
       Boomerang         |       |    10 ||    10
  Use: Scroll            |     5 |     4 ||     9
       Potion            |       |     3 ||     3
Armor: Scale mail        |    53 |    21 ||    74
       Chain mail        |       |    59 ||    59
Dodge: Dodged            |    43 |    51 ||    94
Block: Buckler           |    21 |    22 ||    43

Table legend:
 A = Non-vault XP
 B = Vault XP
 C = Vault XP percentage of total XP
 D = Non-vault monster count
 E = Vault monster count
 F = Vault count percentage of total count
                 A         B        C        D         E       F
            +---------+---------+-------+---------+---------+-------
      Total |     315 |     139 |  30.6 |      78 |      17 |  17.9
            +---------+---------+-------+---------+---------+-------
        D:1 |      46 |       6 |  11.5 |      30 |       3 |   9.1
        D:2 |      38 |      18 |  32.1 |      18 |       8 |  30.8
        D:3 |     229 |      71 |  23.7 |      29 |       2 |   6.5
        D:4 |       2 |      44 |  95.7 |       1 |       4 |  80.0
            +---------+---------+-------+---------+---------+-------
